 Dungeon Crawl Stone Soup version 0.31-a0-408-gb642c7f9a3 (webtiles) character file.

Game seed: 13428306581619329792

81 LeprechaunX the Ruffian (level 4, -3/29 HPs)
             Began as an Octopode Shapeshifter on July 30, 2023.
             Slain by Robin
             ... wielding a +1 mace of protection
              (5 damage)
             ... on level 2 of the Dungeon.
             The game lasted 00:01:41 (901 turns).

LeprechaunX the Ruffian (Octopode Shapeshifter)      Turns: 901, Time: 00:01:42

Health: -3/29      AC:  1    Str: 16    XL:     4   Next: 40%
Magic:  4/4        EV: 13    Int: 16    God:
Gold:   50         SH:  0    Dex: 12    Spells: 3/3 levels left

rFire   . .          .
                       - Unarmed
rCold   + . .        (no shield)
rNeg    . . .        (helmet currently unavailable)
rPois   .            (no amulet)
rElec   .            c - ring of protection from cold
rCorr   .            h - +6 ring of intelligence
SInv    .            (no ring)
Will    .....        (no ring)
Stlth   ++           (no ring)
HPRegen 0.24/turn    (no ring)
MPRegen 0.09/turn    (no ring)
                     (no ring)

%: no passive effects
@: beast-form
A: beast (slay +2), almost no armour, amphibious, 8 rings, camouflage 1,
gelatinous body 1, (nimble swimmer 1), tentacles
a: Begin Untransformation


You were on level 2 of the Dungeon.
You were a hulking beast.
You visited 1 branch of the dungeon, and saw 2 of its levels.

You collected 50 gold pieces.

Inventory:

Missiles
 f - a throwing net
Jewellery
 c - a ring of protection from cold (left tentacle)
 e - an amulet of magic regeneration
 h - a +6 ring of intelligence (right tentacle)
Talismans
 b - a beast talisman
Scrolls
 d - a scroll of revelation {unknown}
 g - 2 scrolls of teleportation {unknown}
 i - a scroll of acquirement {unknown}
 j - 2 scrolls of identify {unknown}
Potions
 a - 3 potions of lignification


   Skills:
 + Level 2.1 Fighting
 - Level 2.0 Dodging
 * Level 4.1 Unarmed Combat
 + Level 3.4 Shapeshifting


You had 3 spell levels left.
You didn't know any spells.
Your spell library contained the following spells:

 Spells                   Type           Power      Damage    Failure   Level
 Summon Small Mammal      Summ           0%         N/A       26%         1
 Call Canine Familiar     Summ           0%         N/A       58%         3
 Summon Guardian Golem    Hex/Summ       0%         N/A       58%         3


Dungeon Overview and Level Annotations

Branches:
Dungeon (2/15)

Altars:

Shops:
D:1 [

Annotations:
D:2 Robin


Innate Abilities, Weirdness & Mutations

You are a hulking beast.
Your limbs bulge with bestial killing power. (Slay +2)
You cannot wear most types of armour.
You are amphibious.
You can wear up to eight rings at the same time.
Your skin changes colour to match your surroundings (Stealth+).
Your rubbery body absorbs attacks. (AC +1, EV +1)
((You are camouflaged when in or above water. (Stealth+)))
You have tentacles for arms and can constrict up to eight enemies at once.


Message History

The goblin hits you with a +0 club.
Items here: ))))) ? ††.
You tentacle-slap the goblin.
You kill the goblin!
Robin throws the goblin at you! The goblin misses you.
You closely miss the goblin. You grab the goblin. You constrict the goblin.
The goblin hits you with a +0 club!
* * * LOW HITPOINT WARNING * * *
You tentacle-slap the goblin.
You kill the goblin!
The goblin hits you but does no damage.
Unknown command.
You bludgeon the goblin!
You kill the goblin!
The hobgoblin no longer looks unusually strong.
You tentacle-slap Robin but do no damage.
You grab Robin. You squeeze Robin.
Robin is moderately wounded.
You constrict Robin, but do no damage. Robin closely misses you.
You tentacle-slap Robin but do no damage.
Your squeeze misses Robin.
Robin is moderately wounded.
You constrict Robin, but do no damage.
Robin roars a battlecry!
The hobgoblin goes into a battle-frenzy!
You tentacle-slap Robin but do no damage.
You squeeze Robin, but do no damage.
Robin is moderately wounded.
You constrict Robin, but do no damage.
Robin hits you with a +1 mace of protection.
* * * LOW HITPOINT WARNING * * *
Unknown command.
You tentacle-slap Robin.
Robin is heavily wounded.
You constrict Robin, but do no damage. Robin misses you.
You tentacle-slap Robin.
Robin is heavily wounded.
You constrict Robin, but do no damage.
Robin hits you with a +1 mace of protection.
You die...

###.†.#..# .............+
...##.#..##.##############
###. ..#...#.## #
########.#....# #
...........#....# #
########.#.#.##.# # ...#.#
# # # #####)# # #h# #g#
#g# #.# ..#' ... .... ..!.
......


You could see Robin and a hobgoblin (strong).

Vanquished Creatures
  Jessica (D:2)
  An adder (D:2)
  2 dart slugs
  A ball python (D:1)
  6 bats
  4 giant cockroaches
  13 goblins
  3 hobgoblins
  3 quokkas
  A frilled lizard (D:1)
  A kobold (D:2)
  3 rats
39 creatures vanquished.

Notes
Turn   | Place    | Note
-------+----------+-------------------------------------------
     0 | D:1      | LeprechaunX the Octopode Shapeshifter began the quest for
                  | the Orb.
     0 | D:1      | Reached XP level 1. HP: 13/13 MP: 1/1
    88 | D:1      | Reached XP level 2. HP: 18/18 MP: 2/2
   163 | D:1      | Found Wuethralo's Antique Armour Shoppe.
   651 | D:2      | Reached XP level 3. HP: 23/23 MP: 3/3
   728 | D:2      | Noticed Jessica
   734 | D:2      | Killed Jessica
   791 | D:2      | Reached skill level 4 in Unarmed Combat
   791 | D:2      | Reached XP level 4. HP: 27/29 MP: 4/4
   879 | D:2      | Noticed Robin
   899 | D:2      | HP: 1/29 [Robin/+1 mace of protection (4)]
   901 | D:2      | Slain by Robin

Illustrated notes

Levels and vault maps discovered:
D:1:      roderic_chinese_lattice_arrival, layout_rooms, serial_shops, shop,
          grunt_decor_one_mirror, chequers_decorated_corner
D:2:      layout_basic, minmay_misc_feat_four_crosses,
          chequers_serial_rivers_small_3, hangedman_decor_opposing,
          kennysheep_jessica_study, uniq_robin

Skill      XL: |  1  2  3  4 |
---------------+-------------+-----
Unarmed Combat | 4 |  4.1
Fighting       | 2 |  2.1
Dodging        | |  2.0
Shapeshifting  | |  3.4

Action                     |  1- 3 |  4- 6 || total
---------------------------+-------+-------++-------
  Melee: Unarmed           |    44 |    27 ||    71
         Constrict         |    13 |     7 ||    20
         Tentacles         |     7 |     3 ||    10
         Punch             |       |     1 ||     1
   Stab: Sleeping          |     2 |     1 ||     3
         Distracted        |     1 |       ||     1
 Armour: Skin              |     6 |     1 ||     7
  Dodge: Dodged            |    36 |    14 ||    50

Table legend: (Time is in decaauts)
 A = Elapsed time spent in this place.
 B = Non-inter-level travel time spent in this place.
 C = Inter-level travel time spent in this place.
 D = Time resting spent in this place.
 E = Time spent auto-exploring this place.
 F = Levels seen in this place.
 G = Mean time per level.
                   A        B        C        D        E       F      G
               +--------+--------+--------+--------+--------+-----+--------+
         Total |    901 |    854 |     47 |      0 |    659 |   2 |  450.5 |
       Dungeon |    901 |    854 |     47 |      0 |    659 |   2 |  450.5 |
               +--------+--------+--------+--------+--------+-----+--------+

Top non-repeatable levels by time:
     D:1: 542 daAuts
     D:2: 359 daAuts
